Map: Deathaura LE

Players

llllllllllll

  • Race: Terran Terran
  • League: Grandmaster
  • Spawn Location: 5:00

NORTHAMERICA - Winner!

  • Race: Protoss Protoss
  • League: Grandmaster
  • Spawn Location: 11:00

VOD

Have the link to the VOD?

Description

Time

  • Played on: July 2, 2020, 2:04 a.m.
  • Length: 13:53
Show
View Real Time Build Order
Export as new Build Order

llllllllllll Terran 

Build Orders: Reaper Expand 

Get SALT Encoding   

  12  0:00  SCV  
  13  0:12  SCV  
  14  0:17  Supply Depot  
  14  0:25  SCV  
  15  0:38  SCV  
  15  0:40  Barracks  
  16  0:44  Refinery  
  16  0:50  SCV  
  17  1:02  SCV  
  18  1:15  SCV  
  19  1:27  Orbital Command  
  19  1:28  Reaper  
  20  1:40  Command Center  
  20  1:51  Supply Depot  
  20  1:52  SCV  
  21  2:00  Marine  
  22  2:05  Factory  
  22  2:07  SCV  
  23  2:14  Refinery  
  23  2:19  SCV  
  23  2:21  Barracks Reactor  
  24  2:25  Bunker  
  24  2:37  SCV  
  25  2:49  SCV  
  26  2:54  Orbital Command  
  26  2:59  Marine, Starport, Widow Mine  
  26  3:00  Marine  
  26  3:01  SCV  
  31  3:13  SCV  
  31  3:17  Marine x2  
  34  3:20  Widow Mine  
  34  3:22  SCV  
  34  3:25  SCV  
  38  3:31  Supply Depot  
  38  3:34  SCV  
  38  3:35  Medivac  
  38  3:37  SCV  
  42  3:44  Marine x2  
  42  3:45  Factory Tech Lab  
  42  3:47  SCV  
  45  3:49  SCV  
  45  3:50  Engineering Bay  
  46  3:56  Supply Depot  
  46  3:59  SCV  
  46  4:02  SCV, Marine x2  
  49  4:04  Siege Tank  
  49  4:07  Supply Depot  
  53  4:17  Liberator  
  53  4:18  SCV x2  
  53  4:23  Marine x2  
  59  4:27  Supply Depot  
  59  4:31  SCV x2  
  59  4:37  Supply Depot  
  59  4:38  Siege Tank  
  64  4:41  Marine x2  
  66  4:47  SCV x2  
  68  4:58  Command Center  
  68  5:01  Marine x2  
  68  5:03  Barracks  
  68  5:04  Barracks  
  68  5:05  SCV x2  
  72  5:09  Starport Tech Lab  
  72  5:17  SCV x2  
  72  5:18  Refinery  
  72  5:19  Supply Depot, Refinery, Marine x2  
  76  5:22  Terran Infantry Weapons Level 1  
  72  5:29  SCV x2  
  70  5:36  Siege Tank  
  70  5:37  Marine x2  
  70  5:41  SCV x2  
  69  5:44  Barracks  
  69  5:46  Barracks  
  69  5:48  Starport Reactor  
  69  5:55  SCV x2  
  71  6:00  Stimpack  
  71  6:01  Marauder  
  71  6:02  Marine x2  
  70  6:07  SCV x2  
  70  6:08  Barracks Tech Lab  
  70  6:10  Siege Tank  
  71  6:14  Orbital Command  
  71  6:19  SCV x2  
  71  6:23  Marauder, Marine x2  
  77  6:31  SCV x2  
  79  6:33  Medivac x2  
  83  6:40  Barracks Reactor, Barracks Tech Lab  
  83  6:41  SCV  
  83  6:43  SCV x2  
  83  6:45  Marauder  
  88  6:49  Refinery  
  88  6:50  Refinery  
  88  6:53  SCV, Missile Turret  
  89  6:55  SCV x2  
  89  6:56  Siege Tank  
  94  7:02  Factory  
  94  7:05  Marauder, Marine x2  
  94  7:06  Marauder x2  
  94  7:07  SCV x3  
  105  7:14  Missile Turret  
  105  7:15  Missile Turret x2  
  105  7:17  Terran Infantry Armor Level 1  
  105  7:21  Supply Depot  
  105  7:22  Supply Depot  
  105  7:24  SCV x3, Supply Depot  
  105  7:27  Supply Depot  
  105  7:29  Missile Turret  
  108  7:33  Concussive Shells, Missile Turret  
  108  7:35  Combat Shield  
  108  7:38  Missile Turret  
  108  7:43  Siege Tank  
  111  7:47  Medivac x2  
  111  7:48  Factory Tech Lab  
  111  7:50  Missile Turret  
  115  7:53  Marauder x3, Marine x4  
  125  8:00  Armory  
  125  8:01  Engineering Bay  
  125  8:07  Supply Depot  
  125  8:14  Marauder, Marine x4  
  125  8:15  Marauder x2, Siege Tank  
  138  8:26  Supply Depot x2  
  138  8:27  Siege Tank  
  138  8:29  Medivac x2  
  138  8:32  Supply Depot  
  145  8:39  Marauder x2  
  149  8:47  Marauder, Command Center, Marine x4  
  155  8:55  Siege Tank  
  157  8:58  Supply Depot x2  
  157  8:59  Siege Tank  
  157  9:01  Terran Infantry Weapons Level 2  
  160  9:03  Terran Vehicle Weapons Level 1  
  160  9:10  Marauder x3  
  160  9:11  Marine x2  
  160  9:12  Marine  
  160  9:14  Marine  
  170  9:18  Supply Depot  
  170  9:21  Terran Infantry Armor Level 2  
  170  9:32  Marauder x2, Marine x4  
  170  9:33  Marauder  
  170  9:35  Siege Tank  
  183  9:43  Siege Tank  
  185  10:03  Marauder x2, Marine x3  
  185  10:06  SCV x3  
  181  10:12  Medivac x2  
  178  10:19  Siege Tank x2  
  184  10:21  Marauder, Marine x2  
  184  10:22  Marine x2  
  184  10:24  Marauder x2  
  194  10:30  Barracks x2  
  194  10:32  Planetary Fortress, Barracks  
  193  10:39  Marine  
  191  10:43  Medivac x2  
  191  10:45  Missile Turret  
  191  10:46  Marauder, Marine x3  
  200  11:05  Command Center  
  200  11:14  Command Center, Refinery  
  200  11:15  Refinery  
  200  11:16  Ghost Academy  
  200  11:17  Terran Vehicle Weapons Level 2  
  176  11:27  Medivac x2  
  172  11:33  Siege Tank  
  172  11:34  Marauder, Marine, Siege Tank  
  176  11:45  Marauder, Marine x3  
  176  11:46  Marauder  
  152  11:53  Barracks Tech Lab x2  
  152  11:54  Barracks Tech Lab  
  120  11:55  Barracks Reactor  
  120  11:59  SCV x4  
  128  12:06  Marauder  
  128  12:07  Marauder x2  
  128  12:08  Marine x3  
  130  12:09  Marine, Siege Tank  
  130  12:15  Sensor Tower, Siege Tank  
  138  12:30  Orbital Command  
  137  12:38  Marauder x5, Marine x6  
  145  12:55  Marine  
  145  12:56  Marine x2  
  124  12:59  Marauder x3, Siege Tank  
  124  13:00  Siege Tank  
  124  13:01  Marauder  
  124  13:02  Marauder  
  127  13:11  Marine x2  
  127  13:12  Marine  
  130  13:13  Marine x2  
  130  13:16  Medivac x2  
  136  13:20  Marauder  
  136  13:21  Marauder x2  
  136  13:23  Marauder  
  124  13:40  SCV x3  
Show
View Real Time Build Order
Export as new Build Order

NORTHAMERICA Protoss - Winner!

Build Orders: 1 Gate Expand, Blink Stalkers 

Get SALT Encoding   

  12  0:01  Probe  
  13  0:13  Probe  
  14  0:19  Pylon  
  14  0:25  Probe  
  15  0:35  Probe  
  15  0:38  Gateway  
  16  0:43  Probe  
  16  0:48  Assimilator  
  17  0:51  Probe  
  18  1:04  Probe  
  19  1:16  Probe  
  20  1:25  Nexus  
  20  1:32  Cybernetics Core  
  20  1:37  Probe  
  21  1:42  Assimilator  
  21  1:50  Probe, Pylon  
  22  1:59  Adept  
  22  2:01  Probe  
  23  2:09  Probe  
  23  2:10  Warp Gate  
  26  2:17  Probe  
  27  2:28  Probe  
  27  2:29  Stalker  
  30  2:37  Probe  
  30  2:42  Probe  
  32  2:45  Probe  
  33  2:53  Twilight Council  
  33  2:54  Probe  
  33  2:55  Probe  
  35  2:59  Blink  
  35  3:06  Probe  
  35  3:07  Probe  
  35  3:11  Sentry  
  39  3:17  Gateway  
  39  3:18  Probe  
  39  3:19  Probe  
  41  3:20  Gateway  
  41  3:30  Probe  
  41  3:31  Probe  
  41  3:32  Pylon  
  43  3:42  Probe  
  43  3:43  Probe  
  43  3:48  Pylon  
  45  3:54  Probe, Pylon, Robotics Facility  
  47  3:55  Probe  
  47  4:06  Stalker  
  47  4:07  Probe x2  
  51  4:14  Nexus  
  51  4:21  Probe x2, Pylon  
  53  4:30  Stalker x2  
  57  4:33  Probe, Stalker  
  57  4:36  Probe  
  61  4:42  Pylon  
  61  4:44  Observer  
  63  4:45  Probe  
  63  4:48  Probe  
  64  4:57  Probe  
  65  5:00  Probe, Charge  
  65  5:02  Stalker  
  65  5:04  Stalker  
  65  5:06  Shield Battery  
  70  5:09  Gateway  
  70  5:11  Gateway  
  70  5:14  Stalker  
  70  5:17  Probe x2  
  72  5:29  Probe  
  72  5:34  Stalker  
  66  5:36  Probe  
  66  5:37  Probe  
  66  5:38  Probe  
  69  5:44  Probe  
  69  5:45  Probe  
  69  5:46  Probe  
  71  5:51  Zealot x2  
  71  5:52  Probe  
  71  5:54  Probe  
  71  5:55  Probe, Gateway  
  77  5:57  Gateway  
  73  6:04  Probe, Immortal  
  73  6:06  Probe  
  73  6:07  Probe  
  75  6:16  Probe  
  75  6:18  Probe  
  81  6:20  Probe  
  81  6:21  Zealot x3, Assimilator  
  81  6:23  Assimilator  
  88  6:27  Assimilator  
  88  6:28  Probe  
  88  6:29  Assimilator  
  88  6:30  Probe  
  88  6:32  Probe  
  91  6:34  Forge  
  91  6:39  Pylon, Zealot x2  
  95  6:40  Probe  
  95  6:43  Protoss Ground Weapons Level 1  
  95  6:46  Forge  
  96  6:49  Robotics Bay  
  96  6:50  Probe  
  97  6:55  Zealot x2  
  97  6:59  Pylon x2  
  97  7:00  Protoss Ground Armor Level 1  
  101  7:05  Stalker x4  
  109  7:15  Pylon  
  109  7:17  Probe  
  109  7:18  Photon Cannon  
  109  7:21  Pylon, Colossus  
  110  7:28  Extended Thermal Lance  
  110  7:43  Probe x2  
  110  7:44  Probe  
  119  7:45  Nexus  
  119  7:46  Pylon  
  119  7:55  Probe  
  119  7:56  Probe x2  
  122  8:00  Sentry  
  124  8:06  Pylon  
  124  8:07  Probe  
  124  8:08  Probe x2  
  127  8:13  Colossus  
  127  8:16  Pylon x2  
  127  8:19  Templar Archives  
  134  8:20  Probe x3, Gateway  
  134  8:22  Gateway  
  136  8:29  Zealot x2  
  136  8:30  Zealot x3  
  146  8:34  Pylon  
  146  8:37  Protoss Ground Weapons Level 2  
  146  8:39  Robotics Facility  
  146  8:45  Protoss Ground Armor Level 2  
  146  8:49  Probe  
  146  8:50  Photon Cannon  
  146  8:51  Shield Battery  
  147  8:57  Colossus  
  147  9:02  Photon Cannon  
  147  9:05  Photon Cannon  
  147  9:07  Shield Battery  
  147  9:09  Assimilator  
  153  9:15  Assimilator  
  153  9:17  High Templar x2  
  153  9:22  Archon  
  157  9:28  Stalker x2, Zealot x2  
  163  9:32  Disruptor  
  163  9:34  Zealot x3  
  172  9:38  Pylon  
  172  9:40  Pylon, Colossus  
  172  9:47  Dark Shrine  
  178  9:55  Stalker x2  
  178  9:56  Stalker x3  
  177  10:04  Immortal  
  167  10:07  Zealot x4  
  167  10:08  Probe  
  168  10:22  Pylon  
  168  10:25  Zealot x5  
  176  10:38  Immortal  
  176  10:40  Phoenix  
  176  10:41  Zealot x4  
  180  10:47  Shadow Stride  
  180  10:48  Zealot x2  
  180  10:49  Zealot x3  
  190  10:56  Immortal  
  190  11:00  Pylon  
  190  11:01  Dark Templar  
  190  11:03  Dark Templar  
  194  11:08  Zealot x3  
  196  11:13  Zealot x3  
  186  11:31  Probe  
  182  11:35  Stalker x5  
  182  11:36  Stalker x4  
  190  11:42  Probe  
  168  11:47  Probe, Nexus  
  147  12:01  High Templar x4  
  149  12:02  High Templar  
  149  12:04  High Templar  
  149  12:06  Archon x2  
  149  12:08  Archon  
  159  12:19  Assimilator  
  159  12:20  Zealot, Dark Templar x2  
  159  12:22  Observer  
  165  12:35  Dark Templar x2  
  167  12:39  Nexus  
  149  13:03  Zealot x5  
  149  13:04  Zealot x2  
  161  13:06  Probe  
  161  13:07  Pylon  
  161  13:10  Immortal x2  
  161  13:12  Dark Templar  
  172  13:22  Dark Templar  
  172  13:23  Dark Templar  
  172  13:24  Dark Templar x2  
  166  13:39  Probe  
  166  13:40  Probe  
  156  13:44  Zealot x4  
  156  13:45  Zealot  
Tags
 
Add a new tag
Caveats
  • Supply blocks, unpowered buildings, or Contaminate may cause inaccurate times.
  • Supply counts are checked every 10 seconds.